Map: Ice and Chrome LE

Players

SKillous

  • Race: Protoss Protoss
  • League: Grandmaster
  • Spawn Location: 1:00

Serral - Winner!

  • Race: Zerg Zerg
  • League: Master
  • Spawn Location: 7:00

Event: DreamHack SC2 Masters 2020 Summer Europe

VOD

Have the link to the VOD?

Description

Time

  • Played on: July 1, 2020, 1:36 p.m.
  • Length: 12:42

All games in this series

Show
View Real Time Build Order
Export as new Build Order

SKillous Protoss 

Build Orders: Dark Templar Rush 

Get SALT Encoding   

  12  0:00  Probe  
  13  0:13  Probe  
  14  0:20  Pylon  
  14  0:25  Probe  
  15  0:34  Probe  
  15  0:40  Gateway  
  15  0:42  Probe  
  16  0:49  Assimilator  
  17  0:52  Probe  
  18  1:04  Probe  
  19  1:16  Probe  
  20  1:18  Zealot, Pylon  
  20  1:20  Pylon  
  20  1:30  Cybernetics Core  
  23  1:43  Gateway  
  23  1:44  Zealot  
  24  1:51  Probe  
  25  2:03  Adept, Probe  
  26  2:08  Warp Gate  
  26  2:15  Probe  
  29  2:22  Pylon  
  29  2:28  Probe  
  28  2:39  Nexus  
  28  2:40  Probe  
  27  2:45  Assimilator  
  27  2:51  Adept  
  27  2:58  Probe  
  30  3:02  Twilight Council  
  30  3:09  Pylon  
  30  3:11  Probe  
  31  3:23  Probe  
  31  3:27  Stalker  
  31  3:31  Probe  
  34  3:39  Dark Shrine  
  35  3:41  Probe  
  36  3:48  Probe  
  36  3:53  Probe  
  38  3:56  Adept, Probe  
  41  4:04  Adept  
  41  4:05  Probe  
  41  4:06  Probe  
  45  4:13  Pylon  
  45  4:14  Probe  
  45  4:18  Probe  
  45  4:21  Robotics Facility  
  45  4:22  Probe  
  47  4:27  Adept  
  47  4:30  Probe  
  51  4:32  Probe  
  51  4:34  Assimilator  
  52  4:43  Probe  
  52  4:44  Probe  
  54  4:46  Assimilator  
  50  4:55  Dark Templar x2, Probe  
  50  4:56  Probe  
  52  5:01  Pylon  
  52  5:03  Warp Prism  
  52  5:07  Nexus  
  54  5:15  Probe  
  54  5:17  Probe  
  56  5:24  Gateway  
  56  5:27  Probe  
  57  5:28  Adept  
  57  5:30  Adept  
  60  5:41  Pylon  
  59  5:45  Gateway x2  
  59  5:48  Pylon  
  59  5:49  Pylon  
  55  5:50  Nexus  
  55  5:52  Adept  
  55  5:53  Blink  
  55  5:56  Observer  
  57  6:01  Adept  
  57  6:02  Probe x2  
  55  6:13  Dark Templar  
  55  6:14  Probe  
  58  6:19  Adept  
  58  6:21  Probe  
  58  6:23  Pylon  
  61  6:26  Probe  
  62  6:33  Probe  
  62  6:35  Immortal  
  62  6:38  Probe  
  66  6:42  Sentry x2  
  66  6:44  Shield Battery  
  66  6:45  Probe  
  71  6:48  Pylon  
  71  6:50  Stalker x2  
  75  6:57  Shield Battery  
  75  7:03  Sentry  
  75  7:06  Observer, Probe  
  76  7:10  Stalker x2  
  76  7:14  Shield Battery  
  78  7:19  Stalker x2  
  78  7:22  Shield Battery, Probe  
  82  7:24  Probe x2  
  85  7:30  Stalker, Probe  
  85  7:34  Stalker  
  85  7:36  Probe x2  
  89  7:39  Probe  
  85  7:48  Probe x2  
  85  7:50  Probe  
  86  7:52  Assimilator  
  86  7:57  Assimilator  
  82  7:59  Probe  
  82  8:00  Probe  
  82  8:02  Probe  
  85  8:07  Probe  
  85  8:09  Probe  
  86  8:13  Gateway  
  86  8:14  Adept  
  86  8:15  Adept, Gateway, Probe x2  
  86  8:16  Gateway  
  86  8:17  Probe  
  86  8:19  Templar Archives  
  93  8:23  Stalker  
  93  8:26  Probe  
  93  8:27  Probe x2  
  99  8:36  Charge  
  99  8:39  Probe  
  99  8:40  Stalker x2  
  103  8:41  Probe  
  103  8:42  Pylon, Probe  
  102  8:49  Forge  
  102  8:51  Psionic Storm  
  102  8:54  Stalker x3  
  108  8:56  Pylon  
  108  8:59  Protoss Ground Weapons Level 1  
  108  9:00  Probe  
  109  9:08  High Templar x3  
  114  9:21  Nexus  
  114  9:23  Stalker x4  
  117  9:24  Probe  
  116  9:33  Stalker  
  116  9:49  Stalker x5  
  124  9:56  Stalker x2  
  124  9:57  Stalker  
  124  9:58  Probe  
  128  10:01  Probe  
  130  10:09  Photon Cannon  
  130  10:10  Photon Cannon  
  130  10:12  Photon Cannon  
  130  10:15  High Templar x2  
  130  10:17  Pylon  
  130  10:19  Pylon  
  133  10:22  Pylon  
  133  10:27  Warp Prism  
  133  10:29  Pylon  
  133  10:32  Archon  
  133  10:42  High Templar x2  
  139  10:43  Zealot x4  
  139  10:47  Pylon  
  139  10:49  Zealot x2  
  151  10:53  Archon  
  151  11:03  High Templar x2  
  155  11:04  Zealot x2  
  146  11:17  Probe  
  146  11:18  Probe  
  140  11:19  Probe  
  139  11:27  High Templar x2, Zealot x3  
  139  11:28  Zealot  
  139  11:30  Probe x2  
  139  11:31  Archon  
  153  11:38  Pylon  
  153  11:40  Pylon  
  149  11:47  High Templar  
  149  11:48  High Templar, Zealot x3  
  149  11:52  Archon  
  138  12:04  Archon  
  86  12:08  Zealot x5  
  86  12:09  Zealot  
  85  12:19  Gateway  
  85  12:20  Gateway  
  79  12:26  Zealot x4  
  79  12:29  Zealot x3  
  80  12:30  Zealot  
Show
View Real Time Build Order
Export as new Build Order

Serral Zerg - Winner!

Build Orders: Pool First, Muta Ling Bane 

Get SALT Encoding   

  12  0:16  Spawning Pool  
  11  0:21  Drone  
  11  0:26  Drone  
  13  0:30  Drone  
  14  0:40  Overlord  
  14  1:03  Zergling x4  
  16  1:05  Queen, Zergling x2  
  19  1:16  Zergling x2  
  20  1:28  Zergling x2  
  21  1:36  Hatchery  
  21  1:39  Drone  
  21  1:48  Overlord  
  21  1:53  Extractor  
  20  1:58  Queen  
  22  2:08  Drone  
  22  2:10  Drone  
  24  2:22  Drone x3  
  24  2:31  Drone  
  24  2:35  Queen  
  27  2:42  Drone  
  28  2:49  Drone  
  29  2:52  Drone  
  29  2:54  Drone x2  
  32  3:04  Overlord  
  32  3:05  Metabolic Boost  
  32  3:08  Drone  
  32  3:12  Drone  
  34  3:18  Drone  
  35  3:27  Drone x5  
  39  3:32  Overlord  
  39  3:33  Drone  
  41  3:38  Queen  
  43  3:51  Hatchery  
  43  3:52  Drone  
  43  3:54  Drone  
  43  3:55  Drone  
  45  3:58  Drone  
  45  4:00  Drone x2  
  45  4:02  Drone  
  49  4:07  Drone x2  
  51  4:10  Overlord  
  51  4:15  Roach Warren  
  50  4:17  Extractor  
  50  4:20  Lair  
  49  4:24  Overlord  
  49  4:27  Overlord  
  49  4:29  Extractor  
  48  4:33  Zergling x6  
  51  4:42  Spore Crawler x2, Zergling x4  
  49  4:48  Drone x2  
  49  4:51  Drone  
  51  4:53  Drone  
  51  4:59  Spore Crawler  
  50  5:01  Drone x2  
  50  5:03  Drone  
  53  5:08  Drone x3  
  57  5:14  Drone x3  
  57  5:18  Overseer  
  59  5:27  Spire  
  58  5:30  Overlord  
  58  5:31  Drone  
  58  5:32  Extractor  
  58  5:35  Drone x2  
  60  5:38  Drone x2  
  60  5:41  Overseer  
  60  5:46  Overlord  
  60  5:51  Roach x3  
  66  5:59  Drone x5  
  66  6:01  Drone  
  66  6:03  Drone  
  70  6:10  Drone x5  
  75  6:12  Glial Reconstitution  
  75  6:18  Overlord  
  75  6:19  Roach  
  75  6:20  Roach  
  78  6:38  Drone  
  78  6:39  Drone  
  80  6:41  Mutalisk x4  
  80  6:43  Overlord  
  80  6:46  Extractor  
  87  6:47  Mutalisk, Extractor  
  87  6:52  Roach x2  
  87  6:53  Overlord x2  
  92  6:57  Roach x2  
  96  7:04  Evolution Chamber, Drone  
  96  7:05  Drone x4  
  96  7:08  Drone x2  
  100  7:10  Drone  
  100  7:17  Drone  
  100  7:18  Drone  
  100  7:22  Drone  
  103  7:23  Mutalisk, Baneling Nest  
  103  7:25  Mutalisk  
  103  7:26  Hatchery  
  107  7:30  Roach x2  
  107  7:35  Overlord  
  109  7:37  Overlord  
  109  7:43  Zergling x4  
  109  7:44  Zergling x8  
  115  7:57  Roach x2, Zergling x2  
  115  7:58  Zergling x14  
  125  8:06  Centrifical Hooks  
  125  8:10  Ravager x3  
  125  8:11  Ravager  
  129  8:14  Overlord x2  
  129  8:15  Drone x7  
  129  8:18  Zerg Melee Weapons Level 1  
  136  8:21  Overlord  
  136  8:22  Overlord  
  132  8:34  Zergling x14  
  132  8:40  Drone x2  
  139  8:43  Drone  
  139  8:47  Drone x4  
  143  8:49  Baneling  
  143  8:50  Baneling x10  
  143  8:54  Drone x3, Corruptor  
  148  8:57  Ravager x3, Zergling x2  
  148  8:58  Zergling x2  
  153  9:05  Overlord  
  153  9:07  Zergling x14  
  153  9:09  Baneling x3  
  160  9:14  Drone  
  160  9:16  Infestation Pit  
  160  9:23  Zergling x14  
  167  9:35  Zergling x18  
  176  9:39  Hatchery  
  163  9:54  Hive  
  163  9:56  Zergling x26  
  175  10:00  Evolution Chamber  
  175  10:05  Drone  
  175  10:06  Overlord x3  
  175  10:07  Overlord x3  
  175  10:12  Drone, Extractor  
  175  10:13  Zerg Melee Weapons Level 2  
  175  10:17  Overlord  
  175  10:22  Baneling x7  
  175  10:23  Baneling x3  
  175  10:24  Pneumatized Carapace  
  175  10:25  Drone x3  
  175  10:27  Zerg Ground Armor Level 1  
  175  10:28  Zergling x18  
  187  10:37  Ravager x6  
  187  10:39  Drone x4  
  187  10:40  Overseer  
  197  10:45  Zergling x4  
  197  10:47  Baneling x23  
  186  11:13  Zergling x22  
  186  11:14  Zergling x6  
  197  11:19  Greater Spire  
  197  11:20  Zergling x6  
  200  11:29  Spine Crawler  
  200  11:30  Queen, Spine Crawler x2  
  200  11:31  Drone  
  198  11:45  Baneling x31  
  198  11:55  Zergling x4  
  175  12:03  Zergling x36  
  175  12:06  Zergling x20  
  163  12:15  Roach x3, Zergling x2  
  163  12:16  Baneling x2, Zergling x4  
  163  12:17  Baneling x2  
  163  12:18  Zergling x16  
Tags
 
Add a new tag
Caveats
  • Supply blocks, unpowered buildings, or Contaminate may cause inaccurate times.
  • Supply counts are checked every 10 seconds.